Unix NetHack Version 5.0.0-0 post-release - last build Jul 14 2026 02:55:29 (1809b74e8187c3a3585e283601c3028b46cbbdcb,branch:main).

Game began 2026-07-15 08:27:53, ended 2026-07-15 08:46:56.

80percenthuman, chaotic female elven Wizard

                                           --------
                                           |>......#
                                           |......|#           -----------
                                           |.....{|#           |.........|
                                           |......|#          @f.........|
                                           ----|---#          f|.........|
                                               #   #          #|.........|
                                               #   #          #-----.-----
                                               #   #          ####
                                             ###   ###           #
                                            ##       #          ##
                                            #        #-----------#
                                  ---- -----|-----   #|..........#
                                  +.......<......|   #|.........|##
                                  |..............|   #-.........|
                                  |..............|    ----...----
                                  ----------------       |...|
                                                         |...|
                                                         -----

80percenthuman the Thaumaturge  St:10 Dx:12 Co:15 In:20 Wi:14 Ch:9  Chaotic
Dlvl:8  $:316 HP:0(35) Pw:26(65) AC:10 Xp:6 T:2405 

Latest messages:
 Pick a monster, object or location.
 In what direction?
 The spell hits the paper golem!
 You destroy the paper golem!
 Welcome to experience level 6.
 T - an unlabeled scroll.
 U - an unlabeled scroll.
 V - an unlabeled scroll.
 What do you want to read? [i-lruwxCGT-V or ?*]
 This scroll seems to be blank.
 The door resists!
 The door opens.
 You see here 21 gold pieces.
 $ - 21 gold pieces (316 in total).
 The door resists!
 The door resists!
 The door resists!
 The door opens.
 You miss the gecko.
 You miss the gecko.
 You miss the gecko.
 The gecko bites!
 You miss the gecko.
 You hit the gecko!
 The gecko bites!
 You kill the gecko!
 You feel strong!
 You must have been exercising diligently.
 You feel clumsy!
 You haven't been working on reflexes lately.
 The lynx hits!
 The lynx hits again!
 The lynx bites!
 The lynx hits!
 The lynx hits again!
 The lynx bites!
 The kitten bites!
 The kitten bites!
 Pick a monster, object or location.
 #
 Are you sure you want to pray? [yn] (n)
 You begin praying to Anhur.
 The lynx hits!
 The lynx hits again!
 You die...
 Do you want your possessions identified? [ynq] (y)
 Do you want to see your attributes? [ynq] (y)
 Do you want an account of creatures vanquished? [ynaq] (y)
 Do you want to see your conduct and achievements? [ynq] (y)
 Do you want to see the dungeon overview? [ynq] (y)

Inventory:
 Coins    ('$')
  $ - 316 gold pieces
 Weapons  (')')
  a - a blessed +1 quarterstaff (weapon in hands)
 Comestibles  ('%')
  O - an uncursed food ration
  D - an uncursed lembas wafer
  R - an uncursed tripe ration
 Scrolls  ('?')
  V - a blessed scroll of blank paper
  U - an uncursed scroll of blank paper
  T - a cursed scroll of blank paper
  x - a blessed scroll of light
  i - 4 uncursed scrolls of light
  j - an uncursed scroll of scare monster
 Spellbooks  ('+')
  u - an uncursed spellbook of cure blindness
  C - an uncursed spellbook of cure sickness
  l - an uncursed spellbook of detect monsters
  r - an uncursed spellbook of dig
  k - a blessed spellbook of force bolt
  w - an uncursed spellbook of healing
  G - an uncursed spellbook of knock
 Potions  ('!')
  q - an uncursed potion of booze
  g - an uncursed potion of extra healing
  h - an uncursed potion of healing
  f - an uncursed potion of invisibility
  S - an uncursed potion of paralysis
  B - a cursed potion of see invisible
 Rings    ('=')
  d - an uncursed ring of cold resistance
  e - an uncursed ring of teleportation
 Wands    ('/')
  c - a wand of magic missile (0:3)
  P - a wand of striking (0:4)
  A - a wand of striking (0:0)
 Tools    ('(')
  n - an uncursed bugle
  m - a magic marker (0:20)
  J - an uncursed skeleton key
  H - an uncursed towel
 Gems/Stones  ('*')
  y - an uncursed worthless piece of orange glass
  Q - an uncursed worthless piece of violet glass

80percenthuman the Wizard's attributes:

Background:
 You were a Thaumaturge, a level 6 female elven Wizard.
 You were chaotic, on a mission for Anhur
 who was opposed by Ptah (lawful) and Thoth (neutral).
 You were right-handed.
 You were in the Dungeons of Doom, on level 8.
 You entered the dungeon 2405 turns ago.
 There was a new moon in effect when your adventure ended.
 You had 331 experience points, 309 more were needed to attain level 7.

Basics:
 You had 0 out of 35 hit points.
 You had 26 out of 65 energy points (spell power).
 Your armor class was 10.
 Your wallet contained 316 zorkmids.
 Autopickup was off.

Final Characteristics:
 Your strength was 10 (limit:18).
 Your dexterity was 12 (peak:13, limit:18).
 Your constitution was 15 (limit:16).
 Your intelligence was 20 (limit:20).
 Your wisdom was 14 (limit:20).
 Your charisma was 9 (limit:18).

Final Status:
 You weren't hungry.
 You were unencumbered.
 You were wielding a quarterstaff.
 You had basic skill with quarterstaff.
 You weren't wearing any armor.

Final Attributes:
 You were piously aligned.
 You were sleep resistant.
 You had infravision.
 You were unlucky.
 You are dead.

Miscellaneous:
 You didn't encounter any bones levels.
 Total elapsed playing time was 19 minutes and 2 seconds.

Major events:
 Turn
    1: 80percenthuman the chaotic female elven Wizard entered the dungeon
 1151: attained the rank of Conjurer (level 3)
 1846: consulted the Oracle
 2335: attained the rank of Thaumaturge (level 6)
 2405: killed by a lynx, while praying

Spells:
 Name                 Level Category     Fail Retention
 force bolt             1   attack         0%   81%-90%
 detect monsters        1   divination     0%  76%-100%
 dig                    5   matter        98%  76%-100%
 cure blindness         2   healing       15%  76%-100%
 cure sickness          3   healing       54%  76%-100%
 knock                  1   matter         0%  76%-100%

Skills:
 Fighting Skills
   bare handed combat [Unskilled]
   riding             [Unskilled]
 Weapon Skills
   dagger             [Unskilled]
   knife              [Unskilled]
   axe                [Unskilled]
   short sword        [Unskilled]
   club               [Unskilled]
   mace               [Unskilled]
   quarterstaff       [Basic]
   polearms           [Unskilled]
   spear              [Unskilled]
   trident            [Unskilled]
   sling              [Unskilled]
   dart               [Unskilled]
   shuriken           [Unskilled]
 Spellcasting Skills
   attack spells      [Basic]
   healing spells     [Unskilled]
   divination spells  [Unskilled]
   enchantment spells [Basic]
   clerical spells    [Unskilled]
   escape spells      [Unskilled]
   matter spells      [Unskilled]

Voluntary challenges:
 Character rerolling was not enabled.
 You followed a strict vegan diet.
 You never genocided any monsters.
 You never polymorphed an object.
 You never changed form.
 You used no wishes.
Achievements:
 You attained the rank of Conjurer.
 You consulted the Oracle of Delphi.
 You attained the rank of Thaumaturge.

 The Dungeons of Doom: levels 1 to 8
    Level 1:
    Level 2:
    Level 3:
       Some fountains.
    Level 4:
       Some fountains, a grave.
    Level 5:
    Level 6:
       Many fountains.
       Oracle of Delphi.
    Level 7:
       A grave.
    Level 8: <- You were here.
       A fountain.
       Final resting place for
          you, killed by a lynx, while praying.


Vanquished creatures:
  a quivering blob
  2 leprechauns
  a rock piercer
  a fog cloud
  a gnomish wizard
  a golden naga hatchling
  a paper golem
  a little dog
  a hill orc
  a rabid rat
  a monkey
  2 orc zombies
  a gas spore
  a hobbit
  3 cave spiders
  2 yellow molds
  a green mold
  a red mold
  5 geckos
  3 jackals
  a fox
  a kobold
  2 goblins
  a sewer rat
  3 grid bugs
  a bat
  3 lichens
  2 kobold zombies
  8 newts
53 creatures vanquished.

No species were genocided or became extinct.

Game over:
                       ----------
                      /          \
                     /    REST    \
                    /      IN      \
                   /     PEACE      \
                  /                  \
                  |  80percenthuman  |
                  |      316 Au      |
                  | killed by a lynx |
                  |                  |
                  |                  |
                  |                  |
                  |       2026       |
                 *|     *  *  *      | *
        _________)/\\_//(\/(/\)/\//\/|_)_______

Goodbye 80percenthuman the Wizard...

You died in The Dungeons of Doom on dungeon level 8 with 1980 points,
and 316 pieces of gold, after 2405 moves.
You were level 6 with a maximum of 35 hit points when you died.

